 Dungeon Crawl Stone Soup version 0.24.1 (webtiles) character file.

Game seed: 12218629726099871094, levelgen mode: deterministic

53 sanka the Scratcher (level 3, -3/16 HPs)
             Began as a Felid Wanderer on Apr 5, 2020.
             Was a Follower of Zin.
             Slain by a worm (12 damage)
             ... on level 3 of the Dungeon.
             The game lasted 00:03:32 (2260 turns).

sanka the Scratcher (Felid Wanderer)                Turns: 2260, Time: 00:03:33

Health: -3/16      AC:  1    Str:  7    XL:     3   Next: 62%
Magic:  4/4        EV: 15    Int: 19    God:    Zin [*.....]
Gold:   114        SH:  0    Dex: 15    Spells: 2/2 levels left
                                        Lives:  0   Deaths: 0

rFire    . . .     SeeInvis +     - Unarmed
rCold    . . .     Gourm    .   (shield unavailable)
rNeg     . . .     Faith    .   (armour unavailable)
rPois    .         Spirit   .   (helmet unavailable)
rElec    .         Reflect  .   (cloak unavailable)
rCorr    .         Harm     .   (gloves unavailable)
MR       .....                  (boots unavailable)
Stlth    +++.......             (no amulet)
HPRegen  0.05/turn              e - +4 ring of intelligence
MPRegen  0.09/turn              (no ring)

@: quick
A: very small, no armour, no weapons or thrown items, stealth, claws 1, fangs 3,
see invisible, carnivore, speed 1, shaggy fur 1, slow metabolism 1, sharp paws
a: Recite, Donate Gold, Renounce Religion


You were on level 3 of the Dungeon.
You worshipped Zin.
Zin was aware of your devotion.
You were very full.

You visited 1 branch of the dungeon, and saw 3 of its levels.

You collected 126 gold pieces.
You donated 12 gold pieces to Zin.


Innate Abilities, Weirdness & Mutations

You cannot wear armour.
You are incapable of wielding weapons or throwing items.
Your paws allow you to move quietly. (Stealth)
You have sharp claws.
You have razor-sharp teeth.
You have supernaturally acute eyesight. (SInv)
You are carnivorous and can eat meat at any time.
You cover ground quickly.
You are covered in fur. (AC +1)
You have a slow metabolism.
Your sharp claws are effective at attacking unaware monsters.


   Skills:
 - Level 2.0 Fighting
 - Level 2.6 Stealth
 + Level 7.0 Unarmed Combat


You had 2 spell levels left.
You didn't know any spells.
Your spell library was empty.

Inventory:

Jewellery
 e - a +4 ring of intelligence (left paw)
Wands
 m - a wand of iceblast (9)
Scrolls
 a - a scroll of blinking
 c - a scroll of teleportation {@r4}
 g - 2 scrolls of amnesia {unknown}
 h - 2 scrolls of remove curse {unknown}
 n - 2 scrolls of identify {unknown}
 p - a scroll of immolation {unknown}
Potions
 b - 2 potions of haste {@q3}
 d - a potion of lignification {!q}
 i - a potion of degeneration {unknown}
 j - a potion of heal wounds {unknown}
 k - a potion of resistance {unknown}
 l - a potion of flight {unknown}
 o - 3 potions of curing {unknown}
 q - 2 potions of mutation {unknown}
Comestibles
 f - 6 rations

Dungeon Overview and Level Annotations

Branches:
Dungeon (3/15)

Altars:
Dithmenos
Qazlal
Ru
Wu Jian
Xom
Zin

..▒ .▒ ▒.▒ .▒ ▒.▒
▒▒.▒▒▒▒▒.
▒.▒▒▒▒▒........
▒.▒............
▒.▒.▒▒▒..▒▒▒▒▒ ▒ ▒.▒.▒
▒.♣♣♣♣♣ ▒..▒ ▒.
▒<▒.▒▒▒.♣P♣P♣▒▒..▒
▒▒▒▒..▒h▒...w.......▒..▒
.......w......♣♣PP♣.▒..▒
▒▒▒▒..........♣♣♣♣♣.▒...
▒▒.▒....▒▒.▒▒.▒▒.▒.▒▒
▒%▒.....▒.▒▒.▒▒.▒.▒▒
..........▒▒.......>
▒▒▒▒.....▒▒▒▒▒▒▒.▒.▒▒
▒....▒▒▒▒▒▒▒▒.▒.▒▒
........>.....▒.▒▒


You could see a worm.


Message History

You climb downwards.
There is a stone staircase leading up here.
Unknown command.
You scratch the worm.
The worm is lightly wounded.
The worm bites you!
Ouch! That really hurt!
* * * LOW HITPOINT WARNING * * *
There is a stone staircase leading up here.
You climb upwards.
There is a stone staircase leading down here.
Unknown command.
You start resting.
HP restored.
There is an ornate altar of the Wu Jian Council here.
There is a stone staircase leading down here.
You climb downwards.
There is a stone staircase leading up here.
Unknown command.
You scratch the worm.
The worm is lightly wounded.
The worm bites you!
You scratch the worm. You bite the worm.
The worm is heavily wounded.
You claw the worm!
The worm is almost dead.
The worm bites you!
Ouch! That really hurt!
You die...

Action                   || total
-------------------------++-------
Melee: Unarmed           ||    73
       Bite              ||     5
       Punch             ||     1
 Stab: Sleeping          ||    13
  Eat: Chunk             ||     9
Armor: Skin              ||     8
Dodge: Dodged            ||    39

Levels and vault maps discovered:
D:1:      wander_arrival_desolate, layout_basic, minmay_parallelograms
D:2:      layout_loops_corners, overflow_temple_1_default, zin_scriptorium,
          lemuel_crystal_altar, gammafunk_temple_overflow_statue,
          dk_noncrumbling_4
D:3:      layout_loops_ring, marbit_many_paths, serial_forest,
          infiniplex_forest_straight_4, infiniplex_forest_lined_1,
          infiniplex_forest_join, infiniplex_forest_straight_5,
          infiniplex_forest_lined_1, infiniplex_forest_lined_2,
          grunt_dithmenos_smoke

Notes
Turn   | Place    | Note
-------+----------+-------------------------------------------
     0 | D:1      | sanka the Felid Wanderer began the quest for the Orb.
     0 | D:1      | sanka set off with the following items: a scroll of
                  | blinking, a potion of haste {@q3}, a scroll of
                  | teleportation {@r4}, a potion of lignification {!q}, a
                  | ration
     0 | D:1      | Reached XP level 1. HP: 9/9 MP: 2/2
   619 | D:1      | Reached XP level 2. HP: 13/13 MP: 3/3
   865 | D:2      | Found a sacrificial altar of Ru.
   888 | D:2      | Found an ornate altar of the Wu Jian Council.
  1051 | D:2      | Found a glowing silver altar of Zin.
  1275 | D:2      | Reached XP level 3. HP: 16/16 MP: 4/4
  1603 | D:2      | Found a shimmering altar of Xom.
  1603 | D:2      | Found a stormy altar of Qazlal.
  1747 | D:2      | Became a worshipper of Zin the Law-Giver
  1747 | D:2      | Reached * piety under Zin
  1943 | D:3      | Found a shadowy altar of Dithmenos.
  2017 | D:3      | Reached skill level 7 in Unarmed Combat
  2260 | D:3      | Slain by a worm

Vanquished Creatures
  An adder (D:3)
  2 dart slugs (D:2)
  An orc (D:3)
  A ball python (D:2)
  8 bats
  3 giant cockroaches
  4 goblins
  A hobgoblin (D:2)
  4 jackals (D:2)
  3 frilled lizards
  3 kobolds (D:2)
  3 rats
34 creatures vanquished.
